 Dungeon Crawl Stone Soup version 0.28.0-53-g5a82cb258f (webtiles) character file.

Game seed: 16662558369477963282

127 issech the Chopper (level 4, 0/40 HPs)
             Began as a Minotaur Monk on June 8, 2022.
             Killed from afar by an orc wizard (1 damage)
             ... with a magic dart
             ... on level 3 of the Dungeon.
             The game lasted 00:07:21 (2672 turns).

issech the Chopper (Minotaur Monk)                  Turns: 2672, Time: 00:07:22

Health: 0/40       AC: 10    Str: 16    XL:     4   Next: 85%
Magic:  3/3        EV:  5    Int:  7    God:
Gold:   140        SH:  0    Dex: 14    Spells: 3/3 levels left

rFire   . . .      SeeInvis .   t - +2 short sword (venom)
rCold   . . .      Faith    .   (no shield)
rNeg    . . .      Spirit   .   q - +0 plate armour
rPois   .          Reflect  .   (helmet restricted)
rElec   .          Harm     .   (no cloak)
rCorr   .          Rampage  .   (no gloves)
Will    .....                   (no boots)
Stlth   ..........              (no amulet)
HPRegen 0.13/turn               (no ring)
MPRegen 0.08/turn               (no ring)

@: no status effects
A: horns 2, retaliatory headbutt
a: no special abilities


You were on level 3 of the Dungeon.
You visited 1 branch of the dungeon, and saw 4 of its levels.

You collected 140 gold pieces.

Inventory:

Hand Weapons
 a - a +0 hand axe
 n - a +0 rapier
 r - a +0 hunting sling
 t - a +2 short sword of venom (weapon)
Missiles
 f - 37 sling bullets
 g - 88 stones (quivered)
 h - 75 arrows
 j - 30 bolts
Armour
 q - a +0 plate armour (worn)
Scrolls
 c - 2 scrolls of torment
 k - a scroll of noise
 l - a scroll of identify {unknown}
 s - 2 scrolls of teleportation
Potions
 b - a potion of lignification {unknown}
 d - 2 potions of curing {unknown}
 m - a potion of degeneration {unknown}
 o - a potion of attraction {unknown}
 u - a potion of heal wounds {unknown}


   Skills:
 + Level 4.2 Fighting
 + Level 1.2 Short Blades
 + Level 5.1 Axes
 + Level 1.5 Armour
 + Level 3.8 Dodging
 + Level 2.0 Stealth


You had 3 spell levels left.
You didn't know any spells.
Your spell library was empty.

Dungeon Overview and Level Annotations

Branches:
Dungeon (4/15)
 Temple: D:4-7

Altars:
Sif Muna


Innate Abilities, Weirdness & Mutations

You have a pair of horns on your head.
You reflexively headbutt those who attack you in melee.


Message History

You hit something. Your headbutt misses something.
Something hits you but does no damage. The orc hits you but does no damage.
You hit the orc but do no damage. Something hits you but does no damage.
The orc hits you but does no damage.
You barely miss the orc. Your punch misses the orc.
Something hits you but does no damage. The orc hits you but does no damage.
You closely miss the orc. Your headbutt misses the orc. Something hits you.
The orc hits you with a +0 flail.
You barely miss the orc. Something hits you but does no damage.
The orc barely misses you. You furiously retaliate!
You headbutt the orc. You barely miss the orc.
The orc is lightly wounded.
Something hits you but does no damage. The orc hits you but does no damage.
You barely miss the orc.
The orc is lightly wounded.
Something hits you but does no damage. The orc hits you with a +0 flail.
You hear some strange, mumbled words.
A magic dart appears from out of thin air!
The magic dart hits you!
* * * LOW HITPOINT WARNING * * *
You hit the orc. You headbutt the orc, but do no damage.
The orc is moderately wounded.
The orc barely misses you. Something hits you.
* * * LOW HITPOINT WARNING * * *
You hit the orc but do no damage.
The orc is poisoned.
The orc is moderately wounded.
The orc hits you with a +0 flail.
* * * LOW HITPOINT WARNING * * *
Something hits you but does no damage.
You hit the orc.
You kill the orc!
You hear some strange, mumbled words.
A puff of flame appears from out of thin air!
The puff of flame hits you.
* * * LOW HITPOINT WARNING * * *
Things that are here:
a +0 flail; a +0 chain mail A magic dart appears from out of thin air!
The magic dart hits you.
You die...

##################
............÷K{).#
##......########@####
##.####.# #.##.#
.....##.########.##)#
.#..................#
.###.##.########.##.##
##...##.# #.....#
#.####.# ####### #.#
#.# #.# #.#


You could see a kobold.

Vanquished Creatures
  A hound (D:3)
  2 adders (D:2)
  A worm (D:3)
  4 dart slugs
  2 orcs (D:3)
  3 endoplasms
  2 giant cockroaches
  4 goblins
  5 hobgoblins
  6 jackals
  2 quokkas
  10 ball pythons
  8 bats
  4 frilled lizards
  7 kobolds
  4 rats
65 creatures vanquished.

Notes
Turn   | Place    | Note
-------+----------+-------------------------------------------
     0 | D:1      | issech the Minotaur Monk began the quest for the Orb.
     0 | D:1      | Reached XP level 1. HP: 19/19 MP: 0/0
   174 | D:1      | Reached skill level 4 in Axes
   174 | D:1      | Reached XP level 2. HP: 27/27 MP: 1/1
   613 | D:1      | Found a faded altar of an unknown god.
   623 | D:1      | Reached XP level 3. HP: 33/33 MP: 2/2
  1363 | D:2      | Reached skill level 5 in Axes
  1695 | D:2      | Reached XP level 4. HP: 39/40 MP: 3/3
  2006 | D:3      | Found a shimmering blue altar of Sif Muna.
  2218 | D:3      | Reached skill level 1 in Armour
  2454 | D:4      | Noticed an ogre
  2485 | D:3      | Reached skill level 1 in Short Blades
  2670 | D:3      | HP: 1/40 [something/puff of flame (5)]
  2672 | D:3      | Killed from afar by an orc wizard

Illustrated notes

Levels and vault maps discovered:
D:1:      dpeg_arrival_rhombus, layout_basic, nicolae_ecumenical_snake_handling
D:2:      layout_basic, minivault_4
D:3:      layout_basic, mainiacjoe_overflow_boulevard,
          wander_ebering_terrifying_dragon_lair
D:4:      layout_rooms, temple_statues, enter_ossuary_3,
          uniq_crazy_yiuf_cottage, uniq_eustachio

Skill      XL: |  1  2  3  4 |
---------------+-------------+-----
Axes           | 4 5 |  5.1
Fighting       | 4 |  4.2
Stealth        | 2 |  2.0
Armour         | 1 |  1.5
Short Blades   | 1 |  1.2
Dodging        | |  3.8

Action                   |  1- 3 |  4- 6 || total
-------------------------+-------+-------++-------
Melee: Hand axe          |    50 |       ||    50
       Headbutt          |    15 |     9 ||    24
       Punch             |     1 |       ||     1
       Rapier            |    24 |     6 ||    30
       Short sword       |       |    49 ||    49
  Use: Scroll            |       |     3 ||     3
 Stab: Sleeping          |     1 |       ||     1
Armor: Robe              |     6 |       ||     6
       Ring mail         |    23 |       ||    23
       Plate armour      |     7 |    47 ||    54
Dodge: Dodged            |    68 |    21 ||    89
